 Dungeon Crawl Stone Soup version 0.20-a0-983-g35de22d (webtiles) character file.

546 Murumi the Covert (level 7, -6/57 HPs)
             Began as a Naga Enchanter on Apr 10, 2017.
             Was an Initiate of Cheibriados.
             Mangled by Eustachio
             ... wielding a +0 rapier
              (8 damage)
             ... on level 4 of the Dungeon.
             The game lasted 00:15:33 (4662 turns).

Murumi the Covert (Naga Enchanter)                  Turns: 4662, Time: 00:15:34

Health: -6/57      AC:  5    Str: 13 (15) XL:     7   Next: 28%
Magic:  1/10       EV: 10    Int: 18 (21) God:    Cheibriados [......]
Gold:   196        SH:  0    Dex: 14 (15) Spells: 7/10 levels left

rFire    . . .     SeeInvis +   q - +1 dagger
rCold    + + .     Gourm    .   (no shield)
rNeg     . . .     Faith    .   b - +0 robe
rPois    +         Spirit   .   (no helmet)
rElec    .         Reflect  .   t - scarf {rC+}
rCorr    .         Harm     .   w - +1 pair of gloves (curse)
MR       .....                  (no barding)
Stlth    ++++......             (no amulet)
Regen    0.2/turn               e - +4 ring of strength
MPRegen  0.2/turn               x - ring of protection from cold

@: brilliant, very slow
A: see invisible, deformed body, poison resistance, slowness 2, slow metabolism
1, spit poison 1, AC +2
a: Spit Poison, Bend Time, Renounce Religion


You were on level 4 of the Dungeon.
You worshipped Cheibriados.
Cheibriados was noncommittal.
You were near starving.

You visited 2 branches of the dungeon, and saw 5 of its levels.

You collected 196 gold pieces.

Inventory:

Hand Weapons
 q - a +1 dagger (weapon)
Armour
 b - a +0 robe (worn)
 t - a scarf of cold resistance (worn)
 w - a cursed +1 pair of gloves (worn)
Jewellery
 e - a +4 ring of strength (left hand)
 j - an uncursed ring of ice
 x - a ring of protection from cold (right hand)
Scrolls
 a - 2 scrolls of teleportation
 m - 3 scrolls of remove curse
Potions
 i - 2 potions of curing
Books
 c - a book of Maledictions

   Spells                             Type                      Level
   a - Corona                         Hexes                        1
   b - Ensorcelled Hibernation        Hexes/Ice                    2
   c - Confuse                        Hexes                        3
   d - Tukima's Dance                 Hexes                        3
   e - Dazzling Spray                 Conjuration/Hexes            3
Comestibles
 d - 2 bread rations
 g - 3 meat rations
 l - a royal jelly
 s - 22 fruits


   Skills:
 - Level 1.2 Fighting
 + Level 3.6 Short Blades
 - Level 2.0 Dodging
 + Level 10.4 Stealth
 - Level 2.0 Spellcasting
 - Level 3.0 Hexes


You had 7 spell levels left.
You knew the following spells:

 Your Spells              Type           Power        Failure   Level  Hunger
a - Corona                Hex            ###....      1%          1    #......
b - Ensorcelled Hibernat  Hex/Ice        ###...       1%          2    ###....


Dungeon Overview and Level Annotations

Branches:
Dungeon (4/15)             Temple (1/1) D:4

Altars:
Ashenzari
Cheibriados
Dithmenos
Elyvilon
Fedhas
Gozag
Hepliaklqana
Kikubaaqudgha
Makhleb
Okawaru
Qazlal
Ru
Trog
Uskayaw
Vehumet
Wu Jian
Xom
Zin

Shops:
D:4 :

Annotations:
D:4 Eustachio


Innate Abilities, Weirdness & Mutations

You cannot wear boots.
Your serpentine skin is tough. (AC +2)
You have supernaturally acute eyesight. (SInv)
Armour fits poorly on your strangely shaped body.
Your system is resistant to poisons. (rPois)
You cover ground very slowly.
You have a slow metabolism.
You can spit poison.


Message History

* * * LOW HITPOINT WARNING * * *
The ufetubus hits you.
* * * LOW HITPOINT WARNING * * *
The ufetubus closely misses you.
You don't have enough magic at the moment.
You hit Eustachio but do no damage.
Eustachio is lightly wounded.
The ufetubus closely misses you. x2; Eustachio misses you.
You hit Eustachio but do no damage.
Eustachio is lightly wounded.
The ufetubus misses you.
The ufetubus hits you but does no damage.
You hit Eustachio but do no damage.
Eustachio is lightly wounded.
The ufetubus barely misses you. x2; Eustachio closely misses you.
You hit Eustachio.
Eustachio is moderately wounded.
The ufetubus barely misses you. The ufetubus misses you.
Eustachio hits you with a rapier!
You die...

........../.............
...........)............
................∩?......
..####...##.............
## #...##.§).@........
#...##@##########..
######.# . #5#########
#r@@5...... ###########


You could see Eustachio, a quasit, an ufetubus and a quokka.

Vanquished Creatures
  Duvessa (D:4)
  An ogre (D:4)
  Dowan (D:4)
  2 vampire bats (D:3)
  A hound (D:4)
  A worker ant (D:4)
  A hound skeleton (D:4)
  4 gnolls (D:3)
  4 adders
  An ooze (D:1)
  A worm (D:3)
  3 dart slugs (D:1)
  A leopard gecko (D:2)
  3 orcs
  A ball python (D:3)
  7 bats
  5 bat skeletons (D:3)
  6 giant cockroaches
  9 goblins
  6 hobgoblins
  4 jackals
  2 quokkas
  7 frilled lizards
  7 kobolds
  A leopard gecko skeleton (D:4)
  A quokka skeleton (D:4)
  4 rats
85 creatures vanquished.

Notes
Turn   | Place    | Note
-------+----------+-------------------------------------------
     0 | D:1      | Murumi the Naga Enchanter began the quest for the Orb.
     0 | D:1      | Reached XP level 1. HP: 15/15 MP: 3/3
   101 | D:1      | Reached XP level 2. HP: 22/22 MP: 5/5
   106 | D:1      | Learned a level 2 spell: Ensorcelled Hibernation
   491 | D:1      | Reached skill level 5 in Stealth
  1024 | D:1      | Reached skill level 1 in Fighting
  1024 | D:1      | Reached XP level 3. HP: 6/31 MP: 3/6
  1808 | D:2      | Reached skill level 6 in Stealth
  2004 | D:2      | Found a faded altar of an unknown god.
  2278 | D:2      | Reached XP level 4. HP: 37/38 MP: 7/7
  2870 | D:3      | Reached skill level 7 in Stealth
  2940 | D:2      | Found a hazy altar of Hepliaklqana.
  3172 | D:3      | Reached XP level 5. HP: 25/44 MP: 5/8
  3177 | D:3      | Reached skill level 8 in Stealth
  3876 | D:3      | Found an ancient bone altar of Kikubaaqudgha.
  3893 | D:3      | Reached skill level 9 in Stealth
  3906 | D:3      | Reached XP level 6. HP: 50/51 MP: 9/9
  4138 | D:4      | Noticed Duvessa
  4152 | D:4      | Noticed Dowan
  4164 | D:4      | Killed Duvessa
  4164 | D:4      | Reached skill level 10 in Stealth
  4164 | D:4      | Reached XP level 7. HP: 16/57 MP: 2/10
  4185 | D:4      | Killed Dowan
  4402 | D:4      | Found a staircase to the Ecumenical Temple.
  4409 | Temple   | Entered the Ecumenical Temple
  4468 | Temple   | Became a worshipper of Cheibriados the Contemplative
  4530 | D:4      | Found Inuoh's Book Shop.
  4540 | D:4      | Noticed Eustachio
  4658 | D:4      | HP: 2/57 [Eustachio/rapier (3)]
  4662 | D:4      | Mangled by Eustachio

Vault maps used:
D:1:      minmay_arrival_glassed_features
D:2:      nicolae_overflow_hidden_temple, chequers_ecumenical_altar_simple_redux
D:3:      kennysheep_vampire_church, dk_vineyard_1
D:4:      marbit_many_paths, minmay_temple_entry_junction, serial_shops, shop,
          nicolae_qazlal_eye_of_the_storm, uniq_grinder, uniq_duvessa,
          uniq_eustachio, uniq_sigmund
Temple:   compressed_dpeg_circular_temple

Skill      XL: |  1  2  3  4  5  6 |
---------------+-------------------+-----
Dodging        | 2 |  2.0
Stealth        | 5 6 7 9 10 | 10.4
Fighting       | 1 |  1.2
Short Blades   | 3 |  3.6
Spellcasting   | |  2.0
Hexes          | |  3.0

Action                   |  1- 3 |  4- 6 |  7- 9 || total
-------------------------+-------+-------+-------++-------
Melee: Dagger            |   122 |   161 |   122 ||   405
 Cast: Ensorcelled Hiber |     3 |     6 |     6 ||    15
 Abil: Spit Poison       |     9 |     5 |     2 ||    16
  Use: Scroll            |     6 |     3 |       ||     9
       Potion            |       |     2 |     7 ||     9
 Stab: Sleeping          |    10 |    14 |     2 ||    26
  Eat: Chunk             |     3 |     6 |     1 ||    10
Armor: Robe              |    32 |    34 |    35 ||   101
       Skin              |       |       |    20 ||    20
Dodge: Dodged            |    61 |    80 |    49 ||   190
